 Dungeon Crawl Stone Soup version 0.27.0-1-g7a089689b8 (webtiles) character file.

Game seed: 9976038815325426256

323 MajorAdolf the Poker (level 6, -9/52 HPs)
             Began as a Naga Wanderer on July 31, 2021.
             Mangled by a mummy (14 damage)
             ... in an ossuary.
             The game lasted 00:06:10 (3660 turns).

MajorAdolf the Poker (Naga Wanderer)                Turns: 3660, Time: 00:06:11

Health: -9/52      AC:  7    Str: 15    XL:     6   Next: 47%
Magic:  7/7        EV:  2    Int: 14    God:
Gold:   114        SH:  0    Dex: 10    Spells: 7/7 levels left

rFire    . . .     SeeInvis +   a - +3 spear
rCold    . . .     Faith    .   (no shield)
rNeg     . . .     Spirit   .   g - +0 plate armour
rPois    +         Reflect  .   (no helmet)
rElec    .         Harm     .   (no cloak)
rCorr    .         Rampage  .   (no gloves)
Will     .....                  (no barding)
Stlth    ..........             (no amulet)
HPRegen  0.17/turn              h - ring of wizardry
MPRegen  0.10/turn              (no ring)

@: very slow
A: AC +2, large, see invisible, deformed body, poison resistance, slowness 2,
spit poison 1, naga tail 1
a: Spit Poison


You were in an ossuary.
You visited 1 branch of the dungeon, and saw 4 of its levels.
You also visited: Ossuary.

You collected 114 gold pieces.

Inventory:

Hand Weapons
 a - a +3 spear (weapon)
 d - a +0 dagger
Missiles
 e - a throwing net
Armour
 c - a +0 robe
 g - a +0 plate armour (worn)
Magical Staves
 p - a staff of poison
Jewellery
 h - a ring of wizardry (left hand)
Scrolls
 b - a scroll of teleportation
Potions
 k - 2 potions of attraction {unknown}
 n - a potion of might {unknown}
 q - a potion of mutation {unknown}
 r - 2 potions of brilliance {unknown}
 s - a potion of magic {unknown}


   Skills:
 - Level 2.0 Fighting
 + Level 6.2 Polearms
 - Level 1.0 Throwing
 - Level 1.0 Dodging
 - Level 4.4 Stealth
 - Level 1.0 Spellcasting
 - Level 2.6 Poison Magic


You had 7 spell levels left.
You didn't know any spells.
Your spell library was empty.

Dungeon Overview and Level Annotations

Branches:
Dungeon (4/15)            Ossuary (1/1)
 Temple: D:4-7

Altars:
Elyvilon
Fedhas
Okawaru
Uskayaw
Xom


Innate Abilities, Weirdness & Mutations

Your serpentine skin is tough. (AC +2)
You have supernaturally acute eyesight. (SInv)
Armour fits poorly on your strangely shaped body.
Your system is resistant to poisons. (rPois)
You cover ground very slowly.
You can spit poison.
You have a snake-like lower body.


Message History

Your plate armour prevents you from hitting the mummy.
The mummy is almost destroyed.
You puncture the mummy!
You destroy the mummy!
You start resting.
A mummy is nearby!
A mummy is nearby!
A mummy comes into view.
You reach to attack!
You completely miss the mummy. You hit the mummy but do no damage.
You hit the mummy.
The mummy is moderately damaged.
The mummy hits you!
You barely miss the mummy.
The mummy is moderately damaged.
You hit the mummy but do no damage.
The mummy is moderately damaged.
The mummy barely misses you.
Your plate armour prevents you from hitting the mummy.
The mummy is moderately damaged.
You hit the mummy.
The mummy is moderately damaged.
The mummy hits you.
You barely miss the mummy.
The mummy is moderately damaged.
You barely miss the mummy.
The mummy is moderately damaged.
The mummy hits you!
* * * LOW HITPOINT WARNING * * *
You barely miss the mummy.
The mummy is moderately damaged.
You hit the mummy.
The mummy is heavily damaged.
The mummy hits you but does no damage.
You hit the mummy.
The mummy is severely damaged.
You hit the mummy.
The mummy is severely damaged.
The mummy hits you!
You die...

#################
..........∩......
........@M.......
........#####....
...............M... ....
...................
.....
.##...............#
.....
#...............##.....
........................
.......§§§...........#
.....§Z§§......M..#


You could see a mummy.

Vanquished Creatures
  A necrophage (D:3)
  A bullfrog (D:3)
  2 human zombies (Ossuary)
  A hound zombie (Ossuary)
  A mummy (Ossuary)
  An adder (D:3)
  2 adder zombies (Ossuary)
  A worm (D:2)
  2 dart slugs (D:2)
  5 orcs (D:3)
  3 bats
  7 endoplasms
  3 goblins
  4 hobgoblins
  3 jackals (D:3)
  2 quokkas
  3 ball pythons (D:2)
  3 frilled lizards
  A goblin zombie (Ossuary)
  3 hobgoblin zombies (Ossuary)
  A jackal zombie (Ossuary)
  10 kobolds
  6 rats
  A rat zombie (Ossuary)
67 creatures vanquished.

Vanquished Creatures (collateral kills)
  A jackal zombie (Ossuary)
1 creature vanquished.

Grand Total: 68 creatures vanquished

Notes
Turn   | Place    | Note
-------+----------+-------------------------------------------
     0 | D:1      | MajorAdolf the Naga Wanderer began the quest for the Orb.
     0 | D:1      | MajorAdolf set off with the following items: a +2 spear, a
                  | scroll of teleportation, a +0 robe, a +0 dagger
     0 | D:1      | Reached XP level 1. HP: 19/19 MP: 2/2
   155 | D:1      | Reached skill level 1 in Polearms
   406 | D:1      | Reached XP level 2. HP: 26/26 MP: 3/3
   572 | D:1      | Found a faded altar of an unknown god.
   899 | D:2      | Reached skill level 2 in Polearms
  1480 | D:2      | Reached XP level 3. HP: 32/32 MP: 4/4
  2093 | D:2      | Reached skill level 3 in Polearms
  2256 | D:3      | Noticed a necrophage
  2272 | D:3      | Killed a necrophage
  2273 | D:3      | Reached skill level 4 in Polearms
  2273 | D:3      | Reached XP level 4. HP: 25/39 MP: 5/5
  2273 | D:3      | Reached XP level 5. HP: 29/45 MP: 6/6
  2728 | D:3      | Reached skill level 5 in Polearms
  3006 | D:3      | Found a white marble altar of Elyvilon.
  3009 | D:3      | Found a hide-covered altar of Uskayaw.
  3009 | D:3      | Found a hide-covered altar of Uskayaw.
  3011 | D:3      | Found a shimmering altar of Xom.
  3011 | D:3      | Found a blossoming altar of Fedhas.
  3011 | D:3      | Found an iron altar of Okawaru.
  3509 | D:4      | Reached XP level 6. HP: 51/52 MP: 7/7
  3532 | D:4      | Found a sand-covered staircase.
  3539 | Ossuary  | Entered an ossuary
  3551 | Ossuary  | Reached skill level 6 in Polearms
  3660 | Ossuary  | Mangled by a mummy

Illustrated notes

Levels and vault maps discovered:
D:1:      mrwooster_arrival_statue, layout_rooms,
          shapermc_ecumenical_altar_notcrosses, minmay_misc_feat_diagonals
D:2:      minmay_razor_zed, layout_loops_ring, corexii_corridor_pit
D:3:      layout_rooms, doesnt_xom_only_xom
D:4:      layout_basic, chequers_ossuary_entry_cave, nrook_uturn
Ossuary:  ossuary_minmay_tomb_2a

Skill      XL: |  1  2  3  4  5  6 |
---------------+-------------------+-----
Polearms       | 1 2 4 5 6 |  6.2
Fighting       | |  2.0
Throwing       | |  1.0
Dodging        | |  1.0
Stealth        | |  4.4
Spellcasting   | |  1.0
Poison Magic   | |  2.6

Action                   |  1- 3 |  4- 6 || total
-------------------------+-------+-------++-------
Melee: Spear             |   108 |   123 ||   231
 Abil: Spit Poison       |     5 |     8 ||    13
  Use: Scroll            |       |     8 ||     8
       Potion            |       |     1 ||     1
Armor: Robe              |     2 |       ||     2
       Plate armour      |    44 |    58 ||   102
Dodge: Dodged            |    13 |    15 ||    28
